 Dungeon Crawl Stone Soup version 0.27-a0-773-gaaee5cf45b (webtiles) character file.

Game seed: 212486613334907211

2787 snetch the Cleaver (level 9, -4/120 HPs)
             Began as a Minotaur Berserker on Mar 25, 2021.
             Was an Elder of Trog.
             Slain by a troll (8 damage)
             ... on level 8 of the Dungeon.
             The game lasted 00:16:38 (5233 turns).

snetch the Cleaver (Minotaur Berserker)             Turns: 5233, Time: 00:16:39

Health: -4/120     AC: 13    Str: 25    XL:     9   Next: 43%
Magic:  8/8        EV:  8    Int:  4    God:    Trog [****..]
Gold:   237        SH:  0    Dex: 10    Spells: 8/8 levels left

rFire    . . .     SeeInvis .   a - +0 war axe
rCold    . . .     Faith    .   (no shield)
rNeg     . . .     Spirit   .   z - +0 plate armour
rPois    .         Reflect  .   (helmet restricted)
rElec    .         Harm     .   (no cloak)
rCorr    .         Rampage  .   (no gloves)
Will     ++...                  (no boots)
Stlth    ..........             e - amulet of regeneration
HPRegen  2.30/turn              (no ring)
MPRegen  0.11/turn              (no ring)

@: berserking, regenerating, very quick
A: horns 2, retaliatory headbutt
a: Renounce Religion, Berserk, Trog's Hand, Brothers in Arms


You were on level 8 of the Dungeon.
You worshipped Trog.
Trog was greatly pleased with you.
You visited 2 branches of the dungeon, and saw 9 of its levels.
You also visited: Sewer.

You collected 237 gold pieces.

Inventory:

Hand Weapons
 a - a +0 war axe (weapon)
Missiles
 c - 70 sling bullets
 d - 7 javelins
 f - 195 stones
 g - 83 bolts
 h - 67 arrows
 k - 33 poisoned darts (quivered)
 n - 6 boomerangs
 o - 2 curare-tipped darts
Armour
 z - a +0 plate armour (worn)
Jewellery
 e - an amulet of regeneration (around neck)
Wands
 y - a wand of mindburst (13)
Scrolls
 b - a scroll of enchant armour {unknown}
 j - a scroll of magic mapping {unknown}
 m - 5 scrolls of noise {unknown}
 r - 2 scrolls of blinking {unknown}
 s - 2 scrolls of identify {unknown}
 u - 3 scrolls of teleportation {unknown}
 x - a scroll of amnesia {unknown}
Potions
 i - 4 potions of curing {unknown}
 l - a potion of mutation {unknown}
 p - 2 potions of might {unknown}
 q - a potion of heal wounds {unknown}
 t - a potion of attraction {unknown}
 v - a potion of flight {unknown}
 w - a potion of haste {unknown}


   Skills:
 + Level 7.6 Fighting
 + Level 11.0 Axes
 + Level 0.2 Throwing
 + Level 8.3 Armour
 + Level 4.1 Dodging
 + Level 1.4 Stealth


You had 8 spell levels left.
You didn't know any spells.
Your spell library contained the following spells:

 Spells                   Type           Power      Damage    Failure   Level
 Foxfire                  Conj/Fire      0%         2x1d4     100%        1
 Conjure Flame            Conj/Fire      0%         6-21      100%        3
 Inner Flame              Hex/Fire       0%         N/A       100%        3
 Sticky Flame             Conj/Fire      0%         2d3       100%        4
 Fireball                 Conj/Fire      0%         3d3       100%        5


Dungeon Overview and Level Annotations

Branches:
Dungeon (8/15)             Temple (1/1) D:6           Sewer (visited)
   Lair: D:8-11

Altars:
Ashenzari
Cheibriados
Dithmenos
Elyvilon
Fedhas
Gozag
Hepliaklqana
Kikubaaqudgha
Makhleb
Nemelex Xobeh
Okawaru
Qazlal
Ru
Sif Muna
Trog
Uskayaw
Wu Jian
Xom
Yredelemnul
Zin
The Shining One

Shops:
D:5 =


Innate Abilities, Weirdness & Mutations

You have a pair of horns on your head.
You reflexively headbutt those who attack you in melee.


Message History

The centaur shoots an arrow.
The arrow hits you.
The centaur shoots an arrow.
The arrow barely misses you. The troll bites you but does no damage.
The troll claws you. The troll claws you!
The centaur shoots an arrow.
The arrow hits you.
The centaur shoots an arrow.
The arrow closely misses you.
Unknown command.
Your skin crawls.
You feel strong-willed. The troll bites you.
* * * LOW HITPOINT WARNING * * *
The troll claws you.
* * * LOW HITPOINT WARNING * * *
The troll claws you but does no damage.
The centaur shoots an arrow.
The arrow hits you.
* * * LOW HITPOINT WARNING * * *
The centaur shoots an arrow.
The arrow hits you.
* * * LOW HITPOINT WARNING * * *
A red film seems to cover your vision as you go berserk!
You feel yourself moving faster!
You feel mighty!
The centaur shoots an arrow.
The arrow barely misses you.
The arrow hits the centaur.
The troll barely misses you. The troll claws you but does no damage.
The troll claws you.
* * * LOW HITPOINT WARNING * * *
The centaur unwields a +0 shortbow.
The centaur hits you but does no damage.
The centaur kicks you.
* * * LOW HITPOINT WARNING * * *
The centaur shoots an arrow.
The arrow hits you.
* * * LOW HITPOINT WARNING * * *
You slice the centaur!! You headbutt the centaur.
You kill the centaur!
Trog accepts your kill.
You slash the troll! The troll barely misses you. You furiously retaliate!
You headbutt the troll! The troll claws you.
* * * LOW HITPOINT WARNING * * *
The troll claws you.
* * * LOW HITPOINT WARNING * * *
The centaur shoots an arrow.
The arrow hits you but does no damage.
The centaur unwields a +0 shortbow.
The centaur closely misses you. The centaur barely misses you.
The troll bites you!
You die...

............?(..
................
................
.(..............
..(.............
...(............
........T)......
......c@<)......
.......)........
......o.........
................
................
................
..>.............
................


You could see a troll, a centaur (poisoned) and an orc.

Vanquished Creatures
  Grinder (D:4)
  Eustachio (D:5)
  2 water moccasins
  A sky beast (D:6)
  A black bear (D:3)
  An ice beast (D:6)
  2 necrophages
  3 ogres (D:5)
  A centaur (D:8)
  A phantom (D:6)
  4 kobold brigands
  4 bullfrogs
  A water moccasin zombie (D:5)
  2 scorpions
  A howler monkey (D:5)
  A jelly (D:5)
  A hound (D:6)
  4 orc priests
  A centaur skeleton (D:5)
  4 iguanas
  2 orc wizards (D:7)
  A killer bee zombie (D:6)
  A hound skeleton (D:4)
  A river rat (Sewer)
  9 adders
  A shadow imp (D:2)
  A white imp (D:7)
  An ufetubus (D:4)
  An adder zombie (D:5)
  An adder skeleton (D:4)
  7 worms (Sewer)
  2 dart slugs (D:3)
  24 orcs
  8 ball pythons
  A bat (D:2)
  7 endoplasms
  2 giant cockroaches (D:4)
  3 goblins
  6 hobgoblins
  14 kobolds
  9 quokkas
  2 frilled lizards
  A jackal skeleton (D:4)
  13 rats
155 creatures vanquished.

Vanquished Creatures (others)
  A wizard (D:3)
  An orc (D:8)
  A withered plant (D:5)
3 creatures vanquished.

Grand Total: 158 creatures vanquished

Notes
Turn   | Place    | Note
-------+----------+-------------------------------------------
     0 | D:1      | snetch the Minotaur Berserker began the quest for the Orb.
     0 | D:1      | Reached XP level 1. HP: 19/19 MP: 0/0
    55 | D:2      | Reached skill level 4 in Axes
    55 | D:2      | Reached XP level 2. HP: 14/27 MP: 1/1
   464 | D:1      | You fall into a shaft and drop 1 floor!
   585 | D:1      | Reached XP level 3. HP: 29/33 MP: 2/2
   693 | D:1      | Reached ** piety under Trog
  1143 | D:2      | Noticed a kobold brigand
  1158 | D:2      | Killed a kobold brigand
  1159 | D:2      | Reached skill level 5 in Axes
  1159 | D:2      | Reached XP level 4. HP: 34/41 MP: 3/3
  1168 | D:3      | Noticed a necrophage
  1180 | D:3      | Killed a necrophage
  1181 | D:3      | Reached skill level 5 in Fighting
  1181 | D:3      | Reached XP level 5. HP: 48/48 MP: 4/4
  1618 | D:4      | Found a glowing drain.
  1626 | D:4      | Reached skill level 6 in Axes
  1629 | Sewer    | Entered a sewer
  1695 | Sewer    | Reached XP level 6. HP: 56/56 MP: 5/5
  1905 | Sewer    | Reached *** piety under Trog
  2293 | D:4      | Noticed Grinder
  2314 | D:4      | Killed Grinder
  2315 | D:4      | Reached skill level 7 in Axes
  2315 | D:4      | Reached XP level 7. HP: 54/62 MP: 6/6
  2687 | D:3      | Reached skill level 5 in Armour
  2687 | D:3      | Reached skill level 1 in Stealth
  2897 | D:3      | Found a bloodstained altar of Trog.
  2898 | D:3      | Noticed a wizard
  2905 | D:3      | Killed a wizard
  3114 | D:4      | Reached skill level 8 in Axes
  3146 | D:5      | Entered Level 5 of the Dungeon
  3154 | D:5      | Found an ancient bone altar of Kikubaaqudgha.
  3190 | D:6      | Reached XP level 8. HP: 63/71 MP: 7/7
  3192 | D:6      | Reached **** piety under Trog
  3297 | D:5      | Found Qesyilett's Jewellery Emporium.
  3308 | D:5      | Noticed Eustachio
  3329 | D:5      | Killed Eustachio
  3330 | D:5      | Reached skill level 9 in Axes
  3375 | D:5      | Reached skill level 10 in Axes
  3616 | D:5      | Found an ancient bone altar of Kikubaaqudgha.
  3946 | D:6      | Reached XP level 9. HP: 75/79 MP: 8/8
  4809 | D:6      | Found a staircase to the Ecumenical Temple.
  4819 | Temple   | Entered the Ecumenical Temple
  5221 | D:8      | Noticed a troll
  5228 | D:8      | Reached skill level 11 in Axes
  5232 | D:8      | HP: 2/118 [troll (5)]
  5233 | D:8      | Slain by a troll

Illustrated notes

Levels and vault maps discovered:
D:1:      tarquinn_simple_flora_water_e, layout_basic
D:2:      layout_basic
D:3:      layout_basic, ebering_dispersal_statue_hall, trog_wizard
D:4:      layout_cave_pools, gup_sewer_entry_spiral, serial_column_ruins,
          column_ruins_open_large, column_ruins_open_medium,
          column_ruins_columns_straight, column_ruins_open_tiny,
          column_ruins_open_medium_water, uniq_grinder
D:5:      layout_rooms, kiku_gazebo_garden_becter, serial_shops,
          nicolae_shop_stone, basic_altar, uniq_eustachio
D:6:      layout_loops_corners, minmay_temple_entry_proselytizer,
          bh_walls_and_bars
D:7:      minmay_general_purpose_star, layout_basic
D:8:      layout_basic, special_room [special_room_orc], serial_shops,
          kennysheep_mini_moat
Temple:   regret_index_temple_chain_breaker

Skill      XL: |  1  2  3  4  5  6  7  8  9 |
---------------+----------------------------+-----
Fighting       | 4 5 6 7 |  7.6
Axes           | 4 5 6 7 8 10 11 | 11.0
Armour         | 3 4 5 7 8 |  8.3
Dodging        | 3 4 |  4.1
Stealth        | 1 |  1.4
Throwing       | |  0.2

Action                   |  1- 3 |  4- 6 |  7- 9 || total
-------------------------+-------+-------+-------++-------
Melee: Hand axe          |    66 |   194 |    44 ||   304
       Headbutt          |     6 |    31 |    34 ||    71
       War axe           |       |       |   152 ||   152
Throw: Dart              |       |       |     6 ||     6
Invok: Berserk           |     1 |       |     1 ||     2
       Trog's Hand       |       |     1 |     3 ||     4
Armor: Animal skin       |    11 |       |       ||    11
       Chain mail        |     3 |    81 |   101 ||   185
       Plate armour      |       |       |    60 ||    60
Dodge: Dodged            |    57 |    71 |   131 ||   259

Table legend: (Time is in decaauts)
 A = Elapsed time spent in this place.
 B = Non-inter-level travel time spent in this place.
 C = Inter-level travel time spent in this place.
 D = Time resting spent in this place.
 E = Time spent auto-exploring this place.
 F = Levels seen in this place.
 G = Mean time per level.
                   A        B        C        D        E       F      G
               +--------+--------+--------+--------+--------+-----+--------+
         Total |   5460 |   5064 |    396 |    194 |   3238 |  10 |  546.0 |
       Dungeon |   4569 |   4189 |    380 |    194 |   2645 |   8 |  571.1 |
        Temple |    160 |    144 |     16 |      0 |    143 |   1 |  160.0 |
         Sewer |    730 |    730 |      0 |      0 |    450 |   1 |  730.0 |
               +--------+--------+--------+--------+--------+-----+--------+

Top non-repeatable levels by time:
     D:6: 988 daAuts
     D:2: 819 daAuts
     D:3: 806 daAuts
   Sewer: 730 daAuts
     D:4: 661 daAuts
     D:5: 638 daAuts
     D:1: 569 daAuts
  Temple: 160 daAuts
     D:7: 70 daAuts
     D:8: 15 daAuts
